[Event "Team 45 45 League T93"]
[Site "Internet Chess Club"]
[Date "2022.08.22"]
[Round "6"]
[White "clarinetref"]
[Black "jjmolina1"]
[Result "0-1"]
[WhiteElo "1445"]
[BlackElo "1447"]
[Opening "Center game: Paulsen attack"]
[ECO "C22"]
[Time "09:31:21"]
[PlyCount "56"]
[TimeControl "2700+45"]

1. e4 e5 2. d4 exd4 3. Qxd4 Nc6 4. Qe3 g6 5. Nc3 Nb4 6. Bd3 Bh6 7. f4 Nxd3+ 8.
Qxd3 Bg7 9. Bd2 Ne7 10. O-O-O O-O 11. Nf3 d6 12. h3 Nc6 13. Ne2 a5 14. Kb1 Nb4
15. Qa3 Be6 16. b3 c5 17. Bc3 a4 18. Bxg7 Kxg7 19. Qb2+ Kg8 20. Ng5 axb3 21.
Nxe6 bxc2+ 22. Kc1 cxd1=Q+ 23. Rxd1 Nxa2+ 24. Kb1 fxe6 25. Qb3 Rf7 26. Qxe6 Qe7
27. Qd5 Nb4 28. Qxd6 Qxe4+ {White resigns} 0-1

[Event "Team 45 45 League T93"]
[Site "Internet Chess Club"]
[Date "2022.08.20"]
[Round "6"]
[White "isolani"]
[Black "DaveTheRook"]
[Result "1/2-1/2"]
[WhiteElo "1248"]
[BlackElo "1384"]
[Opening "Queen's pawn game"]
[ECO "A46"]
[Time "16:01:08"]
[PlyCount "66"]
[TimeControl "2700+45"]

1. d4 Nf6 2. Nf3 e6 3. Nbd2 b6 4. b3 Bb7 5. Bb2 Be7 6. e3 O-O 7. Bd3 d5 8. O-O
Nbd7 9. Re1 a5 10. a3 Ba6 11. c4 c6 12. Qe2 Re8 13. Ne5 Nxe5 14. dxe5 Nd7 15.
Nf3 f5 16. exf6 Bxf6 17. Bxf6 Qxf6 18. e4 d4 19. e5 Qh6 20. Nxd4 c5 21. Nf3 Bb7
22. Rad1 Nf8 23. Be4 Rab8 24. Bxb7 Rxb7 25. Rd6 Rbb8 26. Red1 Qh5 27. Nd4 Qg5
28. Nf3 Qh5 29. Qe4 Ng6 30. Rd7 Rf8 31. h3 Rf4 32. Rd8+ Rf8 33. R8d6 Rf4 {Game
drawn by mutual agreement} 1/2-1/2

[Event "Team 45 45 League T93"]
[Site "Internet Chess Club"]
[Date "2022.08.19"]
[Round "6"]
[White "elmaestro"]
[Black "Portola"]
[Result "1-0"]
[WhiteElo "1676"]
[BlackElo "1598"]
[Opening "French: advance, Euwe variation"]
[ECO "C02"]
[Time "12:27:35"]
[PlyCount "69"]
[TimeControl "2700+45"]

1. e4 e6 2. d4 d5 3. e5 c5 4. c3 Nc6 5. Nf3 Bd7 6. dxc5 Bxc5 7. b4 Be7 8. Bd3 f6
9. Qe2 Qc7 10. Bf4 g5 11. Bg3 Qc8 12. Na3 Nxb4 13. Nb5 Nxd3+ 14. Qxd3 Qc4 15.
Qxc4 dxc4 16. Nc7+ Kf7 17. Nxa8 Nh6 18. Nc7 Rc8 19. Rb1 Bc6 20. Nb5 Be4 21. Rd1
Bd3 22. Nd6+ Bxd6 23. exd6 e5 24. Kd2 Ke6 25. Ne1 f5 26. f3 f4 27. Nxd3 fxg3 28.
hxg3 Nf5 29. d7 Kxd7 30. Nxe5+ Ke6 31. Ng4 h6 32. Kc2 h5 33. Rxh5 Rg8 34. Rh7
Nd6 35. Rh6+ {Black resigns} 1-0

[Event "Team 45 45 League T93"]
[Site "Internet Chess Club"]
[Date "2022.08.22"]
[Round "6"]
[White "nosir"]
[Black "burlap"]
[Result "1-0"]
[WhiteElo "1364"]
[BlackElo "1400"]
[Opening "Queen's pawn game"]
[ECO "D02"]
[Time "09:01:23"]
[PlyCount "53"]
[TimeControl "2700+45"]

1. d4 d5 2. Nf3 c6 3. g3 Nf6 4. Bg2 Bf5 5. O-O e6 6. Nbd2 Nbd7 7. c4 Be7 8. Re1
Ne4 9. cxd5 exd5 10. Nxe4 dxe4 11. Ne5 Nxe5 12. dxe5 O-O 13. Qa4 Qd5 14. Rd1
Qxe5 15. Bf4 Qxb2 16. Bxe4 Bxe4 17. Qxe4 Rfe8 18. Qf3 Rad8 19. e4 Rxd1+ 20. Rxd1
Qxa2 21. Rd7 b6 22. Bd6 Bxd6 23. Rxd6 c5 24. e5 Qa1+ 25. Kg2 Qxe5 26. Rd7 Kf8
27. Qxf7# {Black checkmated} 1-0

[Event "Team 45 45 League T93"]
[Site "Internet Chess Club"]
[Date "2022.08.20"]
[Round "6"]
[White "jcule"]
[Black "g8wrb"]
[Result "1/2-1/2"]
[WhiteElo "1345"]
[BlackElo "1265"]
[Opening "Queen's pawn"]
[ECO "A40"]
[Time "07:05:37"]
[PlyCount "101"]
[TimeControl "2700+45"]

1. d4 e6 2. Nf3 d5 3. Bf4 c5 4. e3 Nc6 5. c4 cxd4 6. exd4 Bb4+ 7. Nc3 Nf6 8. a3
Ba5 9. b4 Bb6 10. c5 Bc7 11. Bxc7 Qxc7 12. g3 a6 13. Bg2 O-O 14. O-O Bd7 15. Re1
Rfe8 16. Ne5 Ne7 17. Ne2 Bb5 18. Nf4 Nf5 19. Bh3 Ne4 20. a4 Bc6 21. Bxf5 exf5
22. Qh5 g6 23. Qd1 Nc3 24. Qc2 Ne4 25. Kf1 f6 26. Nxc6 bxc6 27. h4 Rab8 28. Rab1
Qd7 29. Kg2 g5 30. f3 gxf4 31. fxe4 fxe4 32. Qf2 f3+ 33. Kh2 Qf5 34. Qe3 Qg6 35.
Qf4 f5 36. Re3 Qg4 37. Qxg4+ fxg4 38. Kg1 Rf8 39. Kf2 Rb7 40. Reb3 Rfb8 41. R1b2
Kg7 42. Rb1 Kf6 43. R1b2 Ke6 44. Rb1 Kd7 45. R1b2 Re8 46. a5 Reb8 47. Rb1 Re8
48. Re3 Reb8 49. Reb3 Ke6 50. R1b2 Kf5 51. Rb1 {Game drawn by mutual agreement}
1/2-1/2

[Event "Team 45 45 League T93"]
[Site "Internet Chess Club"]
[Date "2022.08.19"]
[Round "6"]
[White "SeniorCitizen"]
[Black "Fulmar"]
[Result "1-0"]
[WhiteElo "1288"]
[BlackElo "1214"]
[Opening "French: advance, Milner-Barry gambit"]
[ECO "C02"]
[Time "11:42:17"]
[PlyCount "77"]
[TimeControl "2700+45"]

1. e4 e6 2. d4 d5 3. e5 c5 4. c3 Nc6 5. Nf3 Qb6 6. Bd3 cxd4 7. cxd4 Bd7 8. Bc2
Nb4 9. O-O Nxc2 10. Qxc2 Rc8 11. Qd1 Ne7 12. Nc3 Nc6 13. b3 Bb4 14. Bb2 Nxd4 15.
Na4 Bxa4 16. Bxd4 Qa5 17. bxa4 O-O 18. a3 Bc5 19. Rc1 Bxa3 20. Rxc8 Rxc8 21. Qb1
Rc7 22. Qb5 Qxb5 23. axb5 b6 24. g3 Rc4 25. Ra1 Ra4 26. Bb2 Re4 27. Rxa3 Rb4 28.
Bd4 Rb1+ 29. Kg2 Kf8 30. Rxa7 Rxb5 31. Rb7 f6 32. Rxb6 Ra5 33. exf6 gxf6 34.
Bxf6 Kf7 35. Bd4 Ra3 36. Rb7+ Kg6 37. Re7 Ra6 38. Rb7 h6 39. Rb6 {Black resigns}
1-0

[Event "Team 45 45 League T93"]
[Site "Internet Chess Club"]
[Date "2022.08.21"]
[Round "6"]
[White "cool64chess"]
[Black "primerpaso"]
[Result "1-0"]
[WhiteElo "1995"]
[BlackElo "1813"]
[Opening "Nimzo-Indian: Kmoch variation"]
[ECO "E20"]
[Time "09:13:20"]
[PlyCount "51"]
[TimeControl "2700+45"]

1. d4 Nf6 2. c4 e6 3. Nc3 Bb4 4. f3 c5 5. d5 exd5 6. cxd5 d6 7. e4 O-O 8. Bd3 a6
9. a4 Nbd7 10. Ne2 Ne5 11. O-O Bd7 12. Bg5 Ng6 13. Nf4 Ne5 14. Nh5 c4 15. Bxf6
gxf6 16. Qd2 Kh8 17. Qh6 Rg8 18. Nxf6 Rg7 19. Be2 Ng6 20. Nh5 Rg8 21. Bxc4 Qh4
22. Kh1 Rac8 23. Be2 Rxc3 24. g3 Qh3 25. Qg5 Rg7 26. Qd8+ {Black resigns} 1-0

[Event "Team 45 45 League T93"]
[Site "Internet Chess Club"]
[Date "2022.08.19"]
[Round "6"]
[White "BuddyT"]
[Black "fhunfi"]
[Result "1-0"]
[WhiteElo "1630"]
[BlackElo "1715"]
[Opening "Nimzo-Indian: Kmoch variation"]
[ECO "E20"]
[Time "21:02:59"]
[PlyCount "67"]
[TimeControl "2700+45"]

1. d4 Nf6 2. c4 e6 3. Nc3 Bb4 4. f3 c5 5. d5 exd5 6. cxd5 d6 7. e4 O-O 8. Ne2
Ne8 9. a3 Ba5 10. Ng3 f5 11. exf5 Bxf5 12. Nxf5 Rxf5 13. Bd3 Re5+ 14. Kf2 Qh4+
15. g3 Qd4+ 16. Kg2 Bxc3 17. bxc3 Qxc3 18. Bf4 Re7 19. Qb1 h6 20. Bf5 Re2+ 21.
Kh3 Qxf3 22. Bg4 Qg2+ 23. Kh4 g5+ 24. Bxg5 hxg5+ 25. Kh5 Nf6+ 26. Kxg5 Ne4+ 27.
Kh6 Rb2 28. Qd3 Na6 29. Raf1 Qd2+ 30. Qxd2 Rxd2 31. Be6+ Kh8 32. Rf7 Ng5 33.
Kxg5 Rg8+ 34. Kh6 {Black resigns} 1-0

[Event "Team 45 45 League T93"]
[Site "Internet Chess Club"]
[Date "2022.08.22"]
[Round "6"]
[White "hewdondada"]
[Black "kabindra"]
[Result "1-0"]
[WhiteElo "1697"]
[BlackElo "1605"]
[Opening "QGA: Alekhine defense"]
[ECO "D21"]
[Time "17:32:22"]
[PlyCount "63"]
[TimeControl "2700+45"]

1. d4 d5 2. c4 dxc4 3. Nf3 a6 4. a4 Nc6 5. e3 Bg4 6. Bxc4 e6 7. O-O Nf6 8. Nc3
Bd6 9. Qe2 e5 10. d5 Ne7 11. e4 O-O 12. Bg5 Ng6 13. h3 Nf4 14. Bxf4 Bxf3 15.
Qxf3 exf4 16. Rfe1 Be5 17. Rad1 Qd6 18. Qd3 Rad8 19. Qc2 Nh5 20. Ne2 Qg6 21. Nd4
Bxd4 22. Rxd4 f3 23. g4 Nf4 24. Kh2 Qh6 25. Bf1 Rd6 26. e5 Rg6 27. Kg3 f5 28.
Rxf4 Qxf4+ 29. Kxf4 fxg4+ 30. Kg3 gxh3+ 31. Qxg6 hxg6 32. Bxh3 {Black resigns}
1-0

[Event "Team 45 45 League T93"]
[Site "Internet Chess Club"]
[Date "2022.08.20"]
[Round "6"]
[White "jjmolina1"]
[Black "ChessG2011"]
[Result "1/2-1/2"]
[WhiteElo "1429"]
[BlackElo "1446"]
[Opening "Giuoco Pianissimo"]
[ECO "C50"]
[Time "11:00:40"]
[PlyCount "110"]
[TimeControl "2700+45"]

1. e4 e5 2. Nf3 Nc6 3. Bc4 Bc5 4. d3 Nf6 5. h3 O-O 6. Bg5 h6 7. Be3 Bb6 8. O-O
d6 9. c3 Bd7 10. Re1 Qc8 11. Nh2 Be6 12. Bb3 Na5 13. Bc2 Nc6 14. Nd2 Ne7 15. Qf3
Ng6 16. Ndf1 Bxe3 17. Qxe3 Nf4 18. Ng3 N6h5 19. Nxh5 Nxh5 20. Bb3 Nf4 21. Kh1
Qd8 22. Bd1 Qg5 23. Bf3 Kh7 24. Bg4 h5 25. Bf3 Qh6 26. h4 Ng6 27. Qxh6+ Kxh6 28.
g3 f5 29. exf5 Bxf5 30. Re3 Ne7 31. Kg2 Rab8 32. d4 Ng6 33. Be4 Bxe4+ 34. Rxe4
Rbe8 35. Nf3 d5 36. Re3 e4 37. Ng5 c6 38. Rae1 Rf6 39. f3 exf3+ 40. Nxf3 Rxe3
41. Rxe3 Rf7 42. Ne5 Re7 43. Kf3 Nxe5+ 44. Rxe5 Rf7+ 45. Kg2 g6 46. Re6 Kg7 47.
Re5 Kf6 48. Kf3 Re7 49. Rxe7 Kxe7 50. g4 hxg4+ 51. Kxg4 Kf6 52. Kf4 b6 53. b3 c5
54. Kg4 Ke6 55. Kg5 Kf7 {Game drawn by mutual agreement} 1/2-1/2

[Event "Team 45 45 League T93"]
[Site "Internet Chess Club"]
[Date "2022.08.21"]
[Round "6"]
[White "Goli"]
[Black "Packerfan"]
[Result "1/2-1/2"]
[WhiteElo "1780"]
[BlackElo "1724"]
[Opening "Ruy Lopez: Schliemann defense"]
[ECO "C63"]
[Time "14:30:57"]
[PlyCount "79"]
[TimeControl "2700+45"]

1. e4 e5 2. Nf3 Nc6 3. Bb5 f5 4. Bxc6 dxc6 5. exf5 e4 6. Qe2 Qe7 7. Nd4 Qe5 8.
Ne6 Bxe6 9. fxe6 Bd6 10. Nc3 Nf6 11. b3 O-O 12. Bb2 Rae8 13. O-O-O Qxe6 14. h3
b5 15. g3 Nd5 16. Rde1 Nxc3 17. Bxc3 Bc5 18. d4 Bb6 19. f4 a5 20. Qg4 Qf6 21.
Rd1 Rd8 22. Qg5 Qxg5 23. fxg5 Rf3 24. Be1 e3 25. Rd3 Rxd4 26. Rxd4 Bxd4 27. Bxa5
e2 28. Re1 Be3+ 29. Kb2 Rf2 30. Kc3 Bb6 31. Bxb6 cxb6 32. Kd2 Rg2 33. Rxe2 Rxg3
34. Re6 Rxh3 35. Rxc6 Rg3 36. Rxb6 Rxg5 37. a4 bxa4 38. bxa4 Ra5 39. Rb4 h5 40.
Rb5 {Game drawn by mutual agreement} 1/2-1/2

[Event "Team 45 45 League T93"]
[Site "Internet Chess Club"]
[Date "2022.08.17"]
[Round "6"]
[White "vollmerj"]
[Black "cysk"]
[Result "1/2-1/2"]
[WhiteElo "1461"]
[BlackElo "1700"]
[Opening "Réti: King's Indian attack"]
[ECO "A05"]
[Time "20:41:29"]
[PlyCount "69"]
[TimeControl "2700+45"]

1. Nf3 Nf6 2. g3 g6 3. Bg2 Bg7 4. O-O O-O 5. d4 d5 6. c3 c6 7. Nbd2 Nbd7 8. Re1
Re8 9. e4 Nxe4 10. Nxe4 dxe4 11. Rxe4 Nf6 12. Re1 Bg4 13. Qb3 Qb6 14. Qxb6 axb6
15. Ne5 Bf5 16. Nc4 b5 17. Ne3 Be6 18. a3 Nd5 19. Nxd5 Bxd5 20. Bxd5 cxd5 21.
Bf4 e6 22. Be5 Bxe5 23. Rxe5 f6 24. Re2 Kf7 25. Rae1 Re7 26. f4 Rae8 27. Kf2 h6
28. Ke3 g5 29. Kf3 Rg8 30. f5 Rge8 31. fxe6+ Rxe6 32. Rxe6 Rxe6 33. Rh1 Kg6 34.
g4 f5 35. h3 {Game drawn by mutual agreement} 1/2-1/2

[Event "Team 45 45 League T93"]
[Site "Internet Chess Club"]
[Date "2022.08.17"]
[Round "6"]
[White "ChessMaine"]
[Black "RD1974"]
[Result "0-1"]
[WhiteElo "1434"]
[BlackElo "1577"]
[Opening "Queen's pawn game"]
[ECO "A45"]
[Time "19:04:48"]
[PlyCount "58"]
[TimeControl "2700+45"]

1. d4 Nf6 2. e3 g6 3. Bd3 Bg7 4. Nf3 O-O 5. O-O d6 6. Nbd2 Nbd7 7. c3 e5 8. dxe5
dxe5 9. e4 Nc5 10. Bb1 Re8 11. Re1 Bg4 12. h3 Bxf3 13. Qxf3 c6 14. b4 Ne6 15. a4
a5 16. Ba2 Nf4 17. Nc4 axb4 18. Nxe5 Nxh3+ 19. Qxh3 Rxe5 20. cxb4 Qd4 21. Be3
Qxb4 22. Reb1 Qe7 23. Bd4 Rxe4 24. Bxf6 Bxf6 25. Qf3 Rf8 26. Bxf7+ Rxf7 27. Ra2
Re1+ 28. Rxe1 Qxe1+ 29. Kh2 Be5+ {White resigns} 0-1

[Event "Team 45 45 League T93"]
[Site "Internet Chess Club"]
[Date "2022.08.18"]
[Round "6"]
[White "tightfist"]
[Black "blind-warrior"]
[Result "1-0"]
[WhiteElo "1403"]
[BlackElo "1286"]
[Opening "Sicilian"]
[ECO "B50"]
[Time "20:03:53"]
[PlyCount "103"]
[TimeControl "2700+45"]

1. Nf3 c5 2. e4 d6 3. Bc4 e6 4. O-O Nc6 5. c3 Bd7 6. Re1 Ne5 7. Nxe5 dxe5 8. d3
Nf6 9. Bg5 Be7 10. h3 O-O 11. Nd2 Qc7 12. Nf3 b5 13. Bb3 c4 14. dxc4 bxc4 15.
Bc2 Rfd8 16. Qe2 Bb5 17. Red1 Rxd1+ 18. Rxd1 h6 19. Bh4 Rd8 20. Bg3 Rxd1+ 21.
Qxd1 Bd6 22. Qe2 Nh5 23. Bh2 Nf4 24. Bxf4 exf4 25. e5 Be7 26. Qe4 g6 27. Qxf4
Kg7 28. Nd4 Be8 29. Nf3 Bb5 30. a3 a5 31. a4 Ba6 32. h4 Bb7 33. Be4 Bd5 34. Bxd5
exd5 35. Qd4 Qc5 36. g3 Qxd4 37. Nxd4 Bc5 38. Nc6 Bb6 39. Ne7 d4 40. Kf1 d3 41.
Nd5 Bc5 42. g4 Kf8 43. h5 Be7 44. Ne3 d2 45. Ke2 Bg5 46. Nxc4 Ke7 47. Nxa5 Ke6
48. Nc4 Kd5 49. Nxd2 Bxd2 50. Kxd2 Kxe5 51. Ke3 g5 52. b4 {Black resigns} 1-0

[Event "Team 45 45 League T93"]
[Site "Internet Chess Club"]
[Date "2022.08.22"]
[Round "6"]
[White "Denis240964"]
[Black "burlap"]
[Result "1/2-1/2"]
[WhiteElo "1338"]
[BlackElo "1397"]
[Opening "French: exchange variation"]
[ECO "C01"]
[Time "16:00:24"]
[PlyCount "65"]
[TimeControl "2700+45"]

1. e4 e6 2. d4 d5 3. exd5 exd5 4. Nf3 Bd6 5. Bd3 Ne7 6. O-O O-O 7. Nc3 c6 8. Re1
Bf5 9. Bg5 f6 10. Bxf5 Nxf5 11. Be3 Nd7 12. Qd3 Nxe3 13. Rxe3 Re8 14. Rxe8+ Qxe8
15. Re1 Qf7 16. Re2 Re8 17. h3 Nf8 18. Kf1 Rxe2 19. Qxe2 Ne6 20. Qe1 a6 21. Ne2
Kf8 22. c3 Nf4 23. Qd2 Nxe2 24. Qxe2 Qe7 25. Qxe7+ Kxe7 26. Ke2 Ke6 27. Ke3 h5
28. g3 g5 29. Ng1 c5 30. Ne2 c4 31. f4 Kf5 32. fxg5 fxg5 33. a4 {Game drawn by
mutual agreement} 1/2-1/2

[Event "Team 45 45 League T93"]
[Site "Internet Chess Club"]
[Date "2022.08.21"]
[Round "6"]
[White "kabindra"]
[Black "gregorgg"]
[Result "0-1"]
[WhiteElo "1618"]
[BlackElo "1459"]
[Opening "Sicilian: Grand Prix attack"]
[ECO "B23"]
[Time "14:01:17"]
[PlyCount "36"]
[TimeControl "2700+45"]

1. e4 c5 2. Nc3 Nc6 3. f4 d6 4. Bc4 Nf6 5. f5 Nxe4 6. Bxf7+ Kxf7 7. Qh5+ g6 8.
fxg6+ Kg7 9. Nxe4 hxg6 10. Qf3 Nd4 11. Qc3 e5 12. Nf3 Bf5 13. Nxd4 exd4 14. Qf3
Qe7 15. d3 d5 16. Bg5 dxe4 17. dxe4 Qxg5 18. exf5 Re8+ {White resigns} 0-1

[Event "Team 45 45 League T93"]
[Site "Internet Chess Club"]
[Date "2022.08.21"]
[Round "6"]
[White "DaveTheRook"]
[Black "Toalla"]
[Result "1-0"]
[WhiteElo "1394"]
[BlackElo "1236"]
[Opening "Queen's pawn game"]
[ECO "E10"]
[Time "15:01:38"]
[PlyCount "83"]
[TimeControl "2700+45"]

1. d4 Nf6 2. c4 e6 3. Nf3 d5 4. c5 Be7 5. Nc3 c6 6. e3 O-O 7. Bd3 Nbd7 8. O-O
Ne8 9. b4 f5 10. Bd2 Nef6 11. Ne5 Ne4 12. f4 Nxd2 13. Qxd2 Nf6 14. a4 a6 15. Qe1
Ne4 16. Nxe4 fxe4 17. Be2 g6 18. Kh1 Kh8 19. a5 Bd7 20. Rg1 Be8 21. Bg4 Qc8 22.
Bh3 Rf6 23. Qh4 Bf7 24. Ng4 Qd8 25. Nxf6 Bxf6 26. Qf2 Qg8 27. g4 g5 28. Raf1 Rf8
29. Qg3 h6 30. f5 exf5 31. Rxf5 Be6 32. Rf2 Qg7 33. Rgf1 Kg8 34. Qd6 Qe7 35.
Qxe7 Bxe7 36. Rxf8+ Bxf8 37. Rf6 Bf7 38. Bf1 Kg7 39. Rf2 h5 40. gxh5 Bxh5 41.
Rf5 Kg6 42. Rxf8 {Black resigns} 1-0

[Event "Team 45 45 League T93"]
[Site "Internet Chess Club"]
[Date "2022.08.22"]
[Round "6"]
[White "kabubi"]
[Black "rhayder"]
[Result "1-0"]
[WhiteElo "1128"]
[BlackElo "1051"]
[Opening "Caro-Kann: Forgács variation"]
[ECO "B15"]
[Time "21:03:44"]
[PlyCount "23"]
[TimeControl "2700+45"]

1. e4 c6 2. d4 d5 3. Nc3 dxe4 4. Nxe4 Nf6 5. Nxf6+ exf6 6. Bc4 Bd6 7. Qe2+ Be7
8. Nf3 O-O 9. O-O Bd6 10. Re1 a5 11. a4 Re8 12. Qxe8+ {Black resigns} 1-0

[Event "Team 45 45 League T93"]
[Site "Internet Chess Club"]
[Date "2022.08.21"]
[Round "6"]
[White "NATYNL09"]
[Black "rkjulianjr"]
[Result "0-1"]
[WhiteElo "1160"]
[BlackElo "1305"]
[Opening "Giuoco Pianissimo: Italian four knights variation"]
[ECO "C50"]
[Time "14:01:51"]
[PlyCount "49"]
[TimeControl "2700+45"]

1. e4 e5 2. Nf3 Nc6 3. Bc4 Bc5 4. d3 Nf6 5. Nc3 d6 6. h3 h6 7. O-O O-O 8. Bd2 a6
9. Nd5 Be6 10. Nxf6+ Qxf6 11. Qe2 Nd4 12. Nxd4 Bxd4 13. Rab1 Qg6 14. Bxe6 fxe6
15. c3 Ba7 16. c4 Rf7 17. Kh1 Raf8 18. Be3 c5 19. f3 Bb6 20. Qf2 Bd8 21. Qe2 Bh4
22. Rg1 Qg3 23. Bf2 Qxf2 24. Qxf2 Bxf2 25. Rgf1 {White resigns} 0-1

[Event "Team 45 45 League T93"]
[Site "Internet Chess Club"]
[Date "2022.08.23"]
[Round "6"]
[White "seldredg"]
[Black "howah45"]
[Result "0-1"]
[WhiteElo "1242"]
[BlackElo "1305"]
[Opening "Queen's pawn, Mason variation"]
[ECO "D00"]
[Time "13:00:38"]
[PlyCount "58"]
[TimeControl "2700+45"]

1. d4 d5 2. Bf4 e6 3. e3 Nf6 4. Bd3 Be7 5. Nd2 c5 6. c3 Nc6 7. Ngf3 O-O 8. h4 c4
9. Bc2 Bd6 10. Ne5 Qc7 11. Qf3 Nxe5 12. Bxe5 Bxe5 13. dxe5 Qxe5 14. O-O Bd7 15.
Rfe1 Qh5 16. Qxh5 Nxh5 17. g4 Nf6 18. g5 Ng4 19. e4 Rfe8 20. e5 f6 21. f4 fxg5
22. hxg5 Rf8 23. Bd1 Rxf4 24. Nf3 Raf8 25. Rf1 Nxe5 26. Kg2 Rg4+ 27. Kh3 Rxg5
28. Nxe5 Rxf1 29. Kh4 Rxe5 {White resigns} 0-1

[Event "Team 45 45 League T93"]
[Site "Internet Chess Club"]
[Date "2022.08.20"]
[Round "6"]
[White "Alisson27"]
[Black "CMAlge"]
[Result "0-1"]
[WhiteElo "876"]
[BlackElo "1249"]
[Opening "Caro-Kann defense"]
[ECO "B15"]
[Time "16:01:15"]
[PlyCount "34"]
[TimeControl "2700+45"]

1. e4 c6 2. d4 d5 3. Nc3 dxe4 4. Nxe4 Nf6 5. Nc3 Bf5 6. Nf3 e6 7. Be3 Bb4 8. Bc4
Qa5 9. Nd2 Bxc3 10. bxc3 Qxc3 11. Bb3 Ng4 12. O-O Nxe3 13. Qf3 Qxd2 14. fxe3 Qb4
15. Rab1 Qd6 16. e4 Qxd4+ 17. Rf2 Qxe4 {White resigns} 0-1

[Event "Team 45 45 League T93"]
[Site "Internet Chess Club"]
[Date "2022.08.20"]
[Round "6"]
[White "OGO"]
[Black "Knightburgler"]
[Result "0-1"]
[WhiteElo "1237"]
[BlackElo "1188"]
[Opening "Caro-Kann defense"]
[ECO "B15"]
[Time "13:08:37"]
[PlyCount "74"]
[TimeControl "2700+45"]

1. e4 c6 2. d4 d5 3. Nc3 Nf6 4. Bd3 e6 5. Nge2 Nbd7 6. O-O e5 7. Bg5 Qb6 8. dxe5
Nxe5 9. Bxf6 Nxd3 10. Qxd3 gxf6 11. exd5 c5 12. Qb5+ Qxb5 13. Nxb5 Kd8 14. c4
Rg8 15. Nf4 a6 16. Nc3 Bf5 17. b3 Bd6 18. Nfe2 Be5 19. Rac1 Kc7 20. Ng3 Bd7 21.
Nce4 b6 22. a3 f5 23. Nd2 f4 24. Nge4 Bh3 25. g3 Bxf1 26. Nxf1 Rg7 27. Rd1 h5
28. Kh1 Rag8 29. Rd3 h4 30. d6+ Kd7 31. b4 hxg3 32. fxg3 fxg3 33. Nfxg3 f5 34.
Nf2 f4 35. Ne2 Bd4 36. Rf3 Rg2 37. Rxf4 Rxf2 {White resigns} 0-1

[Event "Team 45 45 League T93"]
[Site "Internet Chess Club"]
[Date "2022.08.19"]
[Round "6"]
[White "PsyMar"]
[Black "bardu"]
[Result "0-1"]
[WhiteElo "1239"]
[BlackElo "1221"]
[Opening "Scotch game"]
[ECO "C45"]
[Time "16:09:58"]
[PlyCount "74"]
[TimeControl "2700+45"]

1. e4 e5 2. Nf3 Nc6 3. d4 exd4 4. Nxd4 Nxd4 5. Qxd4 c5 6. Qa4 Ne7 7. Nc3 Nc6 8.
Bb5 Be7 9. O-O Qc7 10. Nd5 Qd8 11. Bf4 O-O 12. Rad1 Nd4 13. Bd3 d6 14. Qc4 b6
15. Qc3 Bb7 16. Nxe7+ Qxe7 17. Qe1 c4 18. c3 cxd3 19. cxd4 Qxe4 20. Qxe4 Bxe4
21. f3 Bg6 22. Rfe1 d5 23. Re7 Rfe8 24. Rde1 Rec8 25. Kf2 Rc2+ 26. Kg3 f6 27.
Rd7 Rxb2 28. Rxd5 Rxa2 29. Rd7 Rc8 30. Ree7 d2 31. Rxg7+ Kh8 32. Bh6 d1=Q 33.
Rge7 Rxg2+ 34. Kxg2 Rc2+ 35. Kg3 Qg1+ 36. Kf4 Qxh2+ 37. Ke3 Qd2# {White
checkmated} 0-1

[Event "Team 45 45 League T93"]
[Site "Internet Chess Club"]
[Date "2022.08.20"]
[Round "6"]
[White "tamky70"]
[Black "stantheman59"]
[Result "0-1"]
[WhiteElo "1234"]
[BlackElo "1144"]
[Opening "Queen's pawn game"]
[ECO "D00"]
[Time "14:00:49"]
[PlyCount "84"]
[TimeControl "2700+45"]

1. d4 d5 2. g3 Nf6 3. Bg2 Bf5 4. Nf3 h6 5. c3 Nbd7 6. Nbd2 e6 7. O-O Be7 8. Re1
O-O 9. Nf1 c6 10. N1d2 Ng4 11. e4 dxe4 12. Nxe4 Ngf6 13. Ned2 Nb6 14. Nh4 Bh7
15. Bh3 Qd7 16. Ndf3 Bd6 17. Ne5 Bxe5 18. Rxe5 Nc4 19. Re1 g5 20. Ng2 Rad8 21.
Ne3 Nxe3 22. Bxe3 Bf5 23. Bg2 Rfe8 24. Qc1 e5 25. Bxg5 hxg5 26. Qxg5+ Kf8 27.
Qxf6 exd4 28. Rxe8+ Rxe8 29. cxd4 Kg8 30. Qg5+ Kf8 31. Qh6+ Kg8 32. Qg5+ Kf8 33.
Qf6 Re2 34. Qh6+ Ke7 35. Qg5+ Ke8 36. Qf4 Rxb2 37. Re1+ Be6 38. Bh3 Qxd4 39.
Qb8+ Ke7 40. Qc7+ Kf6 41. Qf4+ Qxf4 42. Bxe6 Qxf2+ {White resigns} 0-1

[Event "Team 45 45 League T93"]
[Site "Internet Chess Club"]
[Date "2022.08.19"]
[Round "6"]
[White "fhunfi"]
[Black "ElValero"]
[Result "1-0"]
[WhiteElo "1737"]
[BlackElo "1711"]
[Opening "French: advance, Paulsen attack"]
[ECO "C02"]
[Time "10:31:09"]
[PlyCount "140"]
[TimeControl "2700+45"]

1. e4 e6 2. d4 d5 3. e5 c5 4. c3 Nc6 5. Nf3 Nge7 6. Bd3 cxd4 7. O-O dxc3 8. bxc3
Ng6 9. Qe2 Be7 10. g3 Qc7 11. Re1 O-O 12. h4 Rd8 13. h5 Nf8 14. Na3 a6 15. Nc2
h6 16. Bd2 b5 17. Ncd4 Bb7 18. Nxc6 Bxc6 19. Nd4 Bd7 20. f4 f5 21. g4 fxg4 22.
Qxg4 a5 23. f5 exf5 24. Nxf5 Bxf5 25. Bxf5 Bc5+ 26. Kg2 d4 27. e6 Qe7 28. Bxh6
dxc3 29. Bg5 Rd2+ 30. Bxd2 cxd2 31. Rh1 Ra6 32. h6 Qf6 33. hxg7 Qxg7 34. Qxg7+
Kxg7 35. Rad1 Nxe6 36. Rxd2 Nd4 37. Be4 Rh6 38. Rxh6 Kxh6 39. Bd3 Kg5 40. Bxb5
Nxb5 41. Rd5+ Kf4 42. Rxc5 Nd4 43. Rxa5 Ke4 44. Ra8 Kd3 45. Kf2 Kc4 46. Ke3 Nc2+
47. Kd2 Nb4 48. Kc1 Kb5 49. Kb2 Nd3+ 50. Ka3 Nc5 51. Rb8+ Ka5 52. Rb4 Na6 53.
Rh4 Kb5 54. Rh5+ Kb6 55. Kb3 Nc5+ 56. Kb4 Nd3+ 57. Kc4 Nb2+ 58. Kb3 Nd3 59. a4
Nc5+ 60. Kb4 Nd3+ 61. Kc4 Nb2+ 62. Kb3 Nd3 63. Rb5+ Kc6 64. Kc4 Nf2 65. Kd4 Ng4
66. Rf5 Kb6 67. Ke4 Ka7 68. Kf3 Nh6 69. Rf8 Kb7 70. Kf4 Ng4 {Black resigns} 1-0

[Event "Team 45 45 League T93"]
[Site "Internet Chess Club"]
[Date "2022.08.20"]
[Round "6"]
[White "mongmong"]
[Black "fireball"]
[Result "1-0"]
[WhiteElo "1510"]
[BlackElo "1568"]
[Opening "Queen's pawn game"]
[ECO "A46"]
[Time "08:00:52"]
[PlyCount "81"]
[TimeControl "2700+45"]

1. d4 Nf6 2. Nf3 c5 3. c3 e6 4. e3 a6 5. Bd3 b5 6. Nbd2 Bb7 7. O-O c4 8. Bc2 Be7
9. Qe2 O-O 10. e4 d6 11. e5 dxe5 12. Nxe5 Nbd7 13. Ndf3 Nxe5 14. Nxe5 Nd7 15.
Bf4 Nxe5 16. Bxe5 Qd5 17. f3 f5 18. b3 Rac8 19. b4 a5 20. a3 axb4 21. axb4 Ra8
22. Rfe1 Rxa1 23. Rxa1 Ra8 24. Qe1 g5 25. Rxa8+ Bxa8 26. Qa1 Bd6 27. Bxd6 Bc6
28. Be5 Qd7 29. Qa5 g4 30. Bd1 gxf3 31. Bxf3 Bxf3 32. gxf3 Qe8 33. Qc7 Qg6+ 34.
Kf2 Qg5 35. Qc8+ Kf7 36. Qd7+ Kg6 37. Qe8+ Kh6 38. Qxe6+ Kh5 39. Qf7+ Qg6 40.
Qxg6+ hxg6 41. Kg3 {Black resigns} 1-0

[Event "Team 45 45 League T93"]
[Site "Internet Chess Club"]
[Date "2022.08.22"]
[Round "6"]
[White "vollmerj"]
[Black "julesraider"]
[Result "0-1"]
[WhiteElo "1453"]
[BlackElo "1651"]
[Opening "Réti: King's Indian attack (Barcza system)"]
[ECO "A07"]
[Time "16:00:28"]
[PlyCount "62"]
[TimeControl "2700+45"]

1. Nf3 d5 2. g3 Nf6 3. b3 g6 4. Bb2 Bg7 5. Bg2 O-O 6. O-O Nc6 7. d3 Re8 8. Nbd2
e5 9. e4 Bg4 10. exd5 Nxd5 11. h3 e4 12. Bxg7 exf3 13. Bxf3 Bxf3 14. Qxf3 Kxg7
15. Nc4 Nd4 16. Qg2 Ne2+ 17. Kh2 h5 18. Rae1 h4 19. Qf3 Nd4 20. Qg4 Nf5 21. Re4
Nf6 22. Rxe8 Nxg4+ 23. hxg4 hxg3+ 24. fxg3 Qxe8 25. gxf5 Qe2+ 26. Kg1 Rh8 27.
f6+ Kf8 28. Rf2 Rh1+ 29. Kg2 Rh2+ 30. Kxh2 Qxf2+ 31. Kh3 Qxf6 {White resigns}
0-1